 Dungeon Crawl Stone Soup version 0.24.0-13-gcf9b3192b9 (webtiles) character file.

Game seed: 3081283925975794165, levelgen mode: deterministic

17 mopl the Sneak (level 2, 0/15 HPs)
             Began as a Gargoyle Enchanter on Nov 8, 2019.
             Slain by an orc (4 damage)
             ... on level 3 of the Dungeon.
             The game lasted 00:01:19 (555 turns).

mopl the Sneak (Gargoyle Enchanter)                  Turns: 555, Time: 00:01:19

Health: 0/15       AC:  5    Str: 11    XL:     2   Next: 62%
Magic:  1/5        EV: 12    Int: 15    God:
Gold:   15         SH:  0    Dex: 10    Spells: 2/5 levels left

rFire    . . .     SeeInvis .   a - +1 dagger
rCold    . . .     Gourm    .   (no shield)
rNeg     + . .     Faith    .   b - +0 robe
rPois    ∞         Spirit   .   (no helmet)
rElec    +         Reflect  .   (no cloak)
rCorr    .         Harm     .   h - +0 pair of gloves
MR       .....                  (no boots)
Stlth    ++........             (no amulet)
HPRegen  0.05/turn              (no ring)
MPRegen  0.09/turn              (no ring)

@: no status effects
A: negative energy resistance 1, electricity resistance, unbreathing,
petrification resistance, rot immunity, AC +2
a: no special abilities


You were on level 3 of the Dungeon.
You were not hungry.

You visited 1 branch of the dungeon, and saw 3 of its levels.

You collected 15 gold pieces.

Inventory:

Hand Weapons
 a - a +1 dagger (weapon)
Armour
 b - a +0 robe (worn)
 h - a +0 pair of gloves (worn)
Scrolls
 c - 3 scrolls of identify {unknown}
Potions
 e - a potion of agility {unknown}
 f - 2 potions of curing {unknown}
Comestibles
 d - 2 rations
 g - 2 chunks of flesh


   Skills:
 - Level 0.8 Short Blades
 - Level 1.5 Dodging
 * Level 3.7 Stealth
 + Level 2.2 Spellcasting
 * Level 3.0 Hexes
 + Level 0.1 Ice Magic


You had 2 spell levels left.
You knew the following spells:

 Your Spells              Type           Power        Failure   Level  Hunger
a - Corona                Hex            ##.....      6%          1    #......
b - Ensorcelled Hibernat  Hex/Ice        #.....       17%         2    ###....

Your spell library contained the following spells:

 Spells                   Type           Power        Failure   Level  Hunger
 Confuse                  Hex            ##......     19%         3    ###....
 Tukima's Dance           Hex            ##......     19%         3    ###....
 Dazzling Spray           Conj/Hex       #.....       34%         3    ###....


Dungeon Overview and Level Annotations

Branches:
Dungeon (3/15)

Altars:


Innate Abilities, Weirdness & Mutations

You are resistant to torment.
Your stone body is resilient. (AC +2)
You are immune to poison.
You resist negative energy. (rN+)
You are resistant to electric shocks. (rElec)
You can survive without breathing.
You are immune to petrification.
You are immune to rotting.


Message History

Press: ? - help, Shift-Dir - straight line, f/p - orc wizard
Aim: an orc wizard, wielding a +0 dagger and wearing a +0 robe (fast, softly glowing, chance to defeat MR: 46%)
The orc wizard resists with significant effort.
The orc wizard barely misses you. The orc hits you but does no damage.
The orc wizard barely misses you.
Casting: Corona (safe; 6% risk of failure)
Confirm with . or Enter, or press ? or * to list all spells.
Aiming: Ensorcelled Hibernation (safe; 17% risk of failure)
Press: ? - help, Shift-Dir - straight line, f/p - orc wizard
Aim: an orc wizard, wielding a +0 dagger and wearing a +0 robe (fast, softly glowing, chance to defeat MR: 37%)
The orc wizard easily resists.
The orc hits you but does no damage.
The orc wizard hits you but does no damage.
Casting: Ensorcelled Hibernation (safe; 17% risk of failure)
Confirm with . or Enter, or press ? or * to list all spells.
You don't have enough magic to cast that spell.
Unknown command.
You closely miss the orc wizard.
The orc wizard hits you but does no damage.
The orc hits you.
You die...

#....# #....# ###....#
......#########
#....#........ #
.[..#........
##.#.#####.##........
#...oo@o.............
.....o#####.##........
(#.#. #.#<........ #
#.#.........
#.#.........
....###....# ....#
....# ....# ...# ....#
...#


You could see an orc wizard and 3 orcs.

Vanquished Creatures
  An ooze (D:1)
  An orc (D:3)
  A ball python (D:3)
  2 goblins
  2 hobgoblins (D:2)
  A bat (D:1)
  3 kobolds
11 creatures vanquished.

Notes
Turn   | Place    | Note
-------+----------+-------------------------------------------
     0 | D:1      | mopl the Gargoyle Enchanter began the quest for the Orb.
     0 | D:1      | Reached XP level 1. HP: 10/10 MP: 3/3
   119 | D:1      | Reached XP level 2. HP: 3/15 MP: 5/5
   129 | D:1      | Learned a level 2 spell: Ensorcelled Hibernation
   359 | D:1      | You fall into a shaft and drop 1 floor!
   501 | D:2      | Noticed an ogre
   555 | D:3      | Slain by an orc

Levels and vault maps discovered:
D:1:      wheals_arrival_linesprint, layout_rooms, columned_hall_lemuel
D:2:      layout_basic
D:3:      layout_basic, first_ration, ebering_dispersal_statue_hall

Skill      XL: |  1  2 |
---------------+-------+-----
Hexes          | 3 |  3.0
Short Blades   | |  0.8
Dodging        | |  1.5
Stealth        | |  3.7
Spellcasting   | |  2.2
Ice Magic      | |  0.1

Action                   || total
-------------------------++-------
Melee: Dagger            ||    54
 Cast: Corona            ||     3
       Ensorcelled Hiber ||     1
 Stab: Sleeping          ||     2
Armor: Robe              ||    19
Dodge: Dodged            ||    31
